 Dungeon Crawl Stone Soup version 0.19.0 (webtiles) character file.

44 Dipster the Slasher (level 3, -1/23 HPs)
             Began as a Gargoyle Monk on Nov 8, 2016.
             Slain by a gnoll
             ... wielding a +0 club
              (4 damage)
             ... on level 2 of the Dungeon.
             The game lasted 00:03:00 (1084 turns).

Dipster the Slasher (Gargoyle Monk)                 Turns: 1084, Time: 00:03:00

Health: -1/23      AC:  5    Str: 14    XL:     3   Next: 62%
Magic:  3/3        EV: 13    Int: 10    God:
Gold:   34         SH:  0    Dex: 13    Spells: 0 memorised, 2 levels left

rFire  . . .     SeeInvis .     a - +0 falchion
rCold  . . .     Gourm    .     b - +0 robe
rNeg   + . .     Faith    .     (no shield)
rPois  ∞         Spirit   .     (no helmet)
rElec  +         Reflect  .     (no cloak)
rCorr  .         Harm     .     (no gloves)
MR     .....                    (no boots)
Stlth  +++.......               (no amulet)
                                h - ring of stealth
                                d - ring of poison resistance

@: no status effects
A: negative energy resistance 1, electricity resistance, unbreathing,
petrification resistance, rot immunity, AC +3
a: no special abilities


You were on level 2 of the Dungeon.
You were not hungry.

You visited 1 branch of the dungeon, and saw 2 of its levels.

You collected 34 gold pieces.

Inventory:

Hand Weapons
 a - a +0 falchion (weapon)
Missiles
 i - 8 needles of paralysis
 k - 29 stones (quivered)
 n - 13 poisoned needles
Armour
 b - a +0 robe (worn)
Jewellery
 d - a ring of poison resistance (left hand)
 h - a ring of stealth (right hand)
Scrolls
 e - a scroll of amnesia {unknown}
 j - a scroll of identify {unknown}
 l - a scroll of teleportation {unknown}
 o - a scroll of fog {unknown}
Potions
 f - a potion of mutation {unknown}
 g - a potion of agility {unknown}
 m - a potion of might {unknown}
Comestibles
 c - a bread ration


   Skills:
 - Level 3.2 Fighting
 + Level 4.1 Long Blades
 - Level 2.4 Dodging
 - Level 2.1 Stealth


You had 2 spell levels left.
You didn't know any spells.

Dungeon Overview and Level Annotations

Branches:
Dungeon (2/15)

Altars:


Innate Abilities, Weirdness & Mutations

You are resistant to torment.
Your stone body is resilient. (AC +3)
You are immune to poison.
You resist negative energy. (rN+)
You are resistant to electric shocks. (rElec)
You can survive without breathing.
You are immune to petrification.
You are immune to rotting.


Message History

The gnoll is lightly wounded.
The gnoll shouts!
A frilled lizard and a gnoll come into view.
You see here an adder corpse.
The gnoll barely misses you. The gnoll hits you with a spear.
You hit the gnoll.
The gnoll is moderately wounded.
The gnoll hits you with a spear. The gnoll hits you with a club.
You barely miss the gnoll.
The gnoll is moderately wounded.
The gnoll barely misses you. The gnoll hits you with a club.
You closely miss the gnoll.
The gnoll is moderately wounded.
The gnoll hits you but does no damage. x2; The gnoll hits you with a spear.
* * * LOW HITPOINT WARNING * * *
You hit the gnoll.
The gnoll is severely wounded.
The gnoll hits you with a club.
You die...

................#...# #.##.##
.....##.........###.###.##..#
.....##.#+###......†....###.##
.....##.#.# #.#####.#........#
.....##.#.# #.# #g...........#
.....##.#.###.# #.#.#####..###
.....##.......# #.#.# ....#
.....##.#.###.#####.#.# .....#
.....##.#......g@g....# .....#
#######.#####.#####.#.#
###+#..# #.# #.# #.#.#... ..#
... #.# ###+#+#.### ... #.#
#.........# #..# .. #.#
#.........####..# #.#
#...............#
#.###.........# #...#
#.............###...#


You could see 2 gnolls.

Vanquished Creatures
  An adder (D:2)
  A dart slug (D:1)
  A leopard gecko (D:2)
  5 bats
  3 giant cockroaches
  3 goblins (D:1)
  3 hobgoblins (D:1)
  2 jackals (D:1)
  3 frilled lizards
  4 kobolds
  4 rats (D:1)
30 creatures vanquished.

Vanquished Creatures (others)
  3 draconians (D:1)
  2 vine stalkers (D:1)
  2 elves (D:1)
  A spriggan (D:1)
  A formicid (D:1)
  A vampire (D:1)
  2 dwarves (D:1)
  An ogre (D:1)
  An orc (D:1)
  A kobold (D:1)
  5 tentacles (D:1)
20 creatures vanquished.

Grand Total: 50 creatures vanquished

Notes
Turn   | Place    | Note
-------+----------+-------------------------------------------
     0 | D:1      | Dipster the Gargoyle Monk began the quest for the Orb.
     0 | D:1      | Reached XP level 1. HP: 14/14 MP: 1/1
     2 | D:1      | Noticed a vine stalker
     2 | D:1      | Noticed a formicid
     2 | D:1      | Noticed a dwarf
     2 | D:1      | Noticed an elf
     2 | D:1      | Noticed a draconian
     2 | D:1      | Noticed a spriggan
     2 | D:1      | Noticed a kraken
     2 | D:1      | Noticed a vine stalker
     2 | D:1      | Noticed an ogre
     2 | D:1      | Noticed a vampire
     2 | D:1      | Noticed a draconian
     2 | D:1      | Noticed an elf
     2 | D:1      | Noticed a dwarf
     2 | D:1      | Noticed a draconian
     4 | D:1      | Killed a dwarf
     4 | D:1      | Killed a dwarf
     5 | D:1      | Killed a vine stalker
     6 | D:1      | Killed an elf
     6 | D:1      | Killed an elf
     6 | D:1      | Killed a formicid
     7 | D:1      | Killed a draconian
     8 | D:1      | Killed a vine stalker
     9 | D:1      | Killed a spriggan
    10 | D:1      | Killed a vampire
    11 | D:1      | Killed a draconian
    11 | D:1      | Killed an ogre
    13 | D:1      | Killed a draconian
   192 | D:1      | Reached skill level 3 in Long Blades
   218 | D:1      | Reached XP level 2. HP: 18/19 MP: 2/2
   511 | D:1      | Reached XP level 3. HP: 22/23 MP: 3/3
  1033 | D:2      | Reached skill level 4 in Long Blades
  1084 | D:2      | Slain by a gnoll

Skill      XL: |  1  2  3 |
---------------+----------+-----
Long Blades    | 3 4 |  4.1
Fighting       | |  3.2
Dodging        | |  2.4
Stealth        | |  2.1

Action                   || total
-------------------------++-------
Melee: Falchion          ||    82
Throw: Stone             ||     1
 Stab: Sleeping          ||     9
  Eat: Chunk             ||     1
Armor: Robe              ||    22
Dodge: Dodged            ||    51
       Rpst.: Falchion   ||    15
